 Dungeon Crawl Stone Soup version 0.26.0-10-g1f06aea511 (webtiles) character file.

Game seed: 12586477369320367220

177 sanka the Shooter (level 5, -3/32 HPs)
             Began as a Deep Elf Hunter on Jan 21, 2021.
             Slain by an orc
             ... wielding a +0 long sword
              (9 damage)
             ... on level 3 of the Dungeon.
             The game lasted 00:07:53 (3346 turns).

sanka the Shooter (Deep Elf Hunter)                 Turns: 3346, Time: 00:07:53

Health: -3/32      AC:  4    Str: 10    XL:     5   Next: 30%
Magic:  7/7        EV: 14    Int: 16    God:
Gold:   101        SH:  0    Dex: 15    Spells: 4/4 levels left

rFire    + . .     SeeInvis .   a - +1 shortbow
rCold    + . .     Faith    .   (shield currently unavailable)
rNeg     . . .     Spirit   .   c - +0 leather armour
rPois    +         Reflect  .   i - +0 helmet
rElec    +         Harm     .   (no cloak)
rCorr    +         Rampage  .   (no gloves)
Will     .....                  (no boots)
Stlth    ++........             (no amulet)
HPRegen  0.10/turn              (no ring)
MPRegen  0.10/turn              (no ring)

@: resistant
A: no striking features
a: no special abilities


You were on level 3 of the Dungeon.
You visited 1 branch of the dungeon, and saw 3 of its levels.

You collected 101 gold pieces.


   Skills:
 + Level 2.8 Fighting
 + Level 6.6 Bows
 + Level 4.2 Dodging
 - Level 2.0 Stealth


You had 4 spell levels left.
You didn't know any spells.
Your spell library contained the following spells:

 Spells                   Type           Power        Failure   Level
 Magic Dart               Conj           0%           34%         1
 Blink                    Tloc           N/A          45%         2
 Call Imp                 Summ           0%           45%         2
 Slow                     Hex            0%           45%         2
 Conjure Flame            Conj/Fire      0%           71%         3
 Mephitic Cloud           Conj/Pois/Air  0%           71%         3

Inventory:

Hand Weapons
 a - a +1 shortbow (weapon)
 b - a +0 short sword
Missiles
 d - 70 arrows (quivered ammo)
 e - 182 stones
Armour
 c - a +0 leather armour (worn)
 i - a +0 helmet (worn)
 p - a +0 pair of boots
Scrolls
 f - 2 scrolls of remove curse {unknown}
 g - a scroll of magic mapping {unknown}
 h - a scroll of identify {unknown}
 j - a scroll of blinking {unknown}
 k - a scroll of fear {unknown}
Potions
 l - a potion of heal wounds {unknown}
 m - a potion of curing {unknown}
 n - a potion of lignification {unknown}
 o - a potion of resistance
 q - a potion of haste {unknown}

Dungeon Overview and Level Annotations

Branches:
Dungeon (3/15)

Altars:
Cheibriados

▒▒.▒.▒ ▒.▒
▒▒▒)▒ ▒.▒
. ▒.▒ ▒.▒
.▒ ▒.▒ ▒.▒
▒.▒ ▒.▒
▒.▒ ▒<▒
▒▒.▒▒▒.▒
▒▒▒...▒▒)▒
▒.....eo.▒
▒.▒...▒▒▒▒
▒.▒▒.▒▒ ▒
▒.▒ ..▒
.▒▒▒ .. ▒.


You could see an orc.


Message History

You hit the orc.
The orc is heavily wounded.
You closely miss the orc.
The orc is heavily wounded.
The orc hits you with a +0 long sword.
You hit the orc but do no damage.
The orc is heavily wounded.
The orc hits you with a +0 long sword!
You closely miss the orc.
The orc is heavily wounded.
The orc hits you with a +0 long sword!
* * * LOW HITPOINT WARNING * * *
You closely miss the orc.
The orc is heavily wounded.
The orc hits you with a +0 long sword.
* * * LOW HITPOINT WARNING * * *
You hit the orc but do no damage.
The orc is moderately wounded.
The orc barely misses you.
You see here a +2 dagger of protection.
a - a +1 shortbow (weapon)
Fire: 71 arrows
Aim: an orc, wielding a +0 long sword and wearing a +0 scale mail (moderately wounded)
You shoot an arrow. The arrow barely misses the orc.
The orc hits you but does no damage.
It was a potion of resistance.
You feel protected. The orc hits you with a +0 long sword!
You die...

Action                   |  1- 3 |  4- 6 || total
-------------------------+-------+-------++-------
Melee: Short sword       |    85 |    94 ||   179
 Fire: Shortbow          |    30 |    65 ||    95
  Use: Potion            |       |     1 ||     1
 Stab: Sleeping          |     2 |       ||     2
Armor: Leather armour    |    33 |    38 ||    71
Dodge: Dodged            |    85 |    95 ||   180

Levels and vault maps discovered:
D:1:      dpeg_arrival_short_road, layout_loops_ring
D:2:      layout_basic, cheibriados_altar_1
D:3:      layout_loops_ring, serial_glass, glass_columns_b, glass_columns_a

Notes
Turn   | Place    | Note
-------+----------+-------------------------------------------
     0 | D:1      | sanka the Deep Elf Hunter began the quest for the Orb.
     0 | D:1      | Reached XP level 1. HP: 12/12 MP: 3/3
   152 | D:1      | Reached XP level 2. HP: 17/17 MP: 4/4
   174 | D:1      | Reached skill level 2 in Stealth
   299 | D:1      | Reached skill level 3 in Dodging
   520 | D:1      | Reached skill level 2 in Fighting
   632 | D:1      | Reached XP level 3. HP: 21/21 MP: 5/5
  1008 | D:2      | Found a snail-covered altar of Cheibriados.
  1334 | D:2      | Reached skill level 6 in Bows
  1377 | D:2      | Reached XP level 4. HP: 20/26 MP: 6/6
  2669 | D:3      | Reached skill level 4 in Dodging
  2757 | D:3      | Reached XP level 5. HP: 20/31 MP: 7/7
  3346 | D:3      | Identified 2 potions of resistance
  3346 | D:3      | Slain by an orc

Vanquished Creatures
  A gnoll (D:1)
  10 adders
  2 worms
  2 dart slugs
  A leopard gecko (D:1)
  2 orcs (D:3)
  3 giant cockroaches (D:2)
  8 goblins
  4 hobgoblins
  10 jackals
  4 kobolds
  A quokka (D:2)
  A ball python (D:2)
  6 bats
  6 frilled lizards
  7 rats
68 creatures vanquished.

Table legend: (Time is in decaauts)
 A = Elapsed time spent in this place.
 B = Non-inter-level travel time spent in this place.
 C = Inter-level travel time spent in this place.
 D = Time resting spent in this place.
 E = Time spent auto-exploring this place.
 F = Levels seen in this place.
 G = Mean time per level.
                   A        B        C        D        E       F      G
               +--------+--------+--------+--------+--------+-----+--------+
         Total |   3348 |   3339 |      9 |   1129 |   1573 |   3 | 1116.0 |
       Dungeon |   3348 |   3339 |      9 |   1129 |   1573 |   3 | 1116.0 |
               +--------+--------+--------+--------+--------+-----+--------+

Top non-repeatable levels by time:
     D:2: 1809 daAuts
     D:3: 786 daAuts
     D:1: 752 daAuts
